 Dungeon Crawl Stone Soup version 0.27-a0-660-g90476cec82 (webtiles) character file.

Game seed: 10579216573106419661

4909 jasper the Skirmisher (level 10, -1/82 HPs)
             Began as a Human Wanderer on Mar 16, 2021.
             Was a Follower of Ashenzari.
             Slain by a two-headed ogre
             ... wielding a +0 giant club
              (20 damage)
             ... on level 9 of the Dungeon.
             The game lasted 00:31:38 (16506 turns).

jasper the Skirmisher (Human Wanderer)             Turns: 16506, Time: 00:31:39

Health: -1/82      AC:  5    Str: 14    XL:     10   Next: 80%
Magic:  13/15      EV: 11    Int: 18    God:    Ashenzari [*.....]
Gold:   235        SH:  0    Dex:  9    Spells: 5/16 levels left

rFire    + . .     SeeInvis .   F - staff of fire (curse) {Elem, Cun}
rCold    . . .     Faith    .   (no shield)
rNeg     . . .     Spirit   .   d - +1 robe
rPois    .         Reflect  .   G - +2 hat "Oracle of Ashenzari" {Elem, Self} (curse)
rElec    .         Harm     .   (no cloak)
rCorr    .         Rampage  .   (no gloves)
Will     .....                  (no boots)
Stlth    +.........             (no amulet)
HPRegen  0.23/turn              q - ring of flight
MPRegen  0.14/turn              (no ring)

@: very slightly contaminated
A: no striking features
a: Renounce Religion, Evoke Flight, Shatter the Chains


You were on level 9 of the Dungeon.
You worshipped Ashenzari.
Ashenzari was aware of your devotion.
You visited 2 branches of the dungeon, and saw 11 of its levels.

You collected 469 gold pieces.
You spent 234 gold pieces at shops.

Inventory:

Hand Weapons
 a - a +0 club
 i - a +0 dagger of venom
 s - a +0 quarterstaff
 t - a +1 flail of holy wrath
 u - a +0 shortbow
 y - a +0 club
 z - a +2 trident of freezing
Missiles
 e - 9 boomerangs
 g - 204 stones
 k - 44 poisoned darts
 m - 217 arrows
Armour
 b - a +0 ring mail
 d - a +1 robe (worn)
 f - a +0 leather armour
 j - a +0 leather armour
 G - the cursed +2 hat "Oracle of Ashenzari" (worn) {Elem, Self}
   (You found it on level 8 of the Dungeon)

   It has a curse placed upon it.
 J - a +0 troll leather armour
Magical Staves
 F - a cursed staff of fire (weapon) {Elem, Cun}
Jewellery
 q - a ring of flight (right hand)
 A - a ring of ice
Wands
 p - a wand of charming (8)
 x - a wand of digging (11)
 H - a wand of polymorph (11)
 L - a wand of paralysis (4)
Scrolls
 h - 2 scrolls of enchant armour
 l - 2 scrolls of teleportation
 n - a scroll of amnesia
 r - a scroll of immolation
 E - a scroll of brand weapon
 I - 2 scrolls of fog
 K - 3 scrolls of enchant weapon
Potions
 c - a potion of might
 o - a potion of curing
 v - a potion of brilliance
 w - a potion of mutation
 B - a potion of lignification
 C - a potion of resistance
 D - a potion of ambrosia
 M - a potion of haste


   Skills:
 * Level 7.6(8.7) Fighting
 + Level 3.5 Staves
 - Level 1.0 Crossbows
 - Level 1.0 Throwing
 - Level 2.0 Armour
 - Level 1.0 Shields
 - Level 3.0(3.9) Spellcasting
 - Level 7.0 Conjurations
 - Level 3.0 Hexes
 - Level 3.0 Translocations
 - Level 7.0(8.6) Fire Magic
 - Level 3.0(4.4) Air Magic
 - Level 3.0 Poison Magic
 + Level 3.4 Evocations


You had 5 spell levels left.
You knew the following spells:

 Your Spells              Type           Power      Damage    Failure   Level
a - Foxfire               Conj/Fire      100%       2x1d9     1%          1
b - Blink                 Tloc           N/A        N/A       7%          2
c - Conjure Flame         Conj/Fire      47%        6-21      1%          3
d - Mephitic Cloud        Conj/Pois/Air  20%        N/A       6%          3
e - Slow                  Hex            14%        N/A       7%          2

Your spell library contained the following spells:

 Spells                   Type           Power      Damage    Failure   Level
 Magic Dart               Conj           100%       1d8       1%          1
 Freeze                   Ice            16%        1d4       14%         1
 Sandblast                Erth           8%         2d5       14%         1
 Summon Small Mammal      Summ           12%        N/A       16%         1
 Call Imp                 Summ           3%         N/A       22%         2
 Frozen Ramparts          Ice            8%         1d2       38%         3
 Animate Armour           Summ/Erth      6%         N/A       80%         4
 Borgnjor's Vile Clutch   Necr/Erth      1%         N/A       98%         5
 Dragon's Call            Summ           1%         N/A       100%        9


Dungeon Overview and Level Annotations

Branches:
Dungeon (10/15)            Temple (1/1) D:4             Orc (0/2) D:10
   Lair: D:8-11

Altars:
Ashenzari
Cheibriados
Dithmenos
Elyvilon
Fedhas
Gozag
Hepliaklqana
Kikubaaqudgha
Makhleb
Nemelex Xobeh
Okawaru
Qazlal
Ru
Sif Muna
Trog
Uskayaw
Vehumet
Wu Jian
Xom
Yredelemnul
Zin
The Shining One

Shops:
D:7 !

Annotations:
D:4 Grinder


Message History

g - Guard the area. f - Follow me.
Anything else - Cancel.
Okay, then.
Casting: Foxfire (safe; 1% risk of failure)
Press: ? - help, Q - select action, (/) - cycle Dir - look around, f - activate You feel a surge of power!
You conjure some foxfire!
The tengu warrior shouts!
The tengu warrior shoots a bolt.
The bolt hits you!!!
You take 37 damage, and have 45/82 hp.
MASSIVE DAMAGE!!
You now have 14/15 mp.
The foxfire hits the tengu warrior but does no damage.
You climb upwards.
There is a stone staircase leading down here.
You start resting.
Magic restored.
MP restored: 15 You start resting.
HP restored.
Health restored: 82
There is a stone staircase leading down, spattered with blood here.
You climb downwards.
A worker ant comes into view.
The two-headed ogre shouts in stereo!
The two-headed ogre hits you with a +0 giant club!!
The two-headed ogre hits you with a +0 giant club!
There is a stone staircase leading up, spattered with blood here.
You take 38 damage, and have 44/82 hp.
MASSIVE DAMAGE!!
The two-headed ogre misses you.
The two-headed ogre hits you with a +0 giant club!!
* * * LOW HITPOINT WARNING * * *
The worker ant bites you but does no damage.
You climb upwards.
There is a stone staircase leading down, spattered with blood here.
You take 25 damage, and have 19/82 hp.
MASSIVE DAMAGE!!
Casting: Foxfire (safe; 1% risk of failure)
Confirm with . or Enter, or press ? or * to list all spells.
You miscast Blink.
You are very lightly contaminated with residual magic.
Nothing appears to happen.
The worker ant closely misses you.
The two-headed ogre hits you with a +0 giant club!!
You die...

............................#
..........###.#.............#
.....##...# #.#...........#.#
..........###.#....########.#
..................## ##.#
..................# #..#
..................# #.##
#'##.............O# #.#
...##......#..##@## #.#
...##......#..#.B# ##.#
_._.#..)........## ##..#
#8###.....#.##...### #..##
###.........###....## #.##
............# #.##..####.#
............###.#.)...##.#
...........#..........##.#
#............#..#.⌠.⌠.##.#


You could see a two-headed ogre and a worker ant.

Vanquished Creatures
  A centaur skeleton (D:10)
  A troll (D:9)
  Prince Ribbit (D:7)
  4 yaks
  3 orc warriors
  A necrophage (D:10)
  3 ice beasts
  A black bear (D:8)
  4 ogres
  2 phantoms
  6 centaurs
  A kobold brigand (D:8)
  Blork the orc (D:6)
  4 bullfrogs
  6 scorpions
  2 howler monkeys
  2 bullfrog zombies
  A jelly (D:5)
  A quasit (D:9)
  6 hounds
  2 orc priests (D:9)
  2 bullfrog skeletons
  Jessica (D:2)
  5 iguanas
  Natasha (thrice) (D:2)
  6 orc wizards
  2 worker ants
  A killer bee zombie (D:4)
  A hound zombie (D:8)
  8 gnolls (D:5)
  5 adders
  2 shadow imps
  2 white imps (D:7)
  2 ufetubi
  An ooze (D:3)
  An adder zombie (D:8)
  2 worms (D:2)
  A dart slug (D:3)
  12 leopard geckos
  22 orcs
  3 ball pythons
  5 bats
  7 giant cockroaches
  3 goblins
  5 hobgoblins
  4 quokkas
  10 frilled lizards
  A jackal zombie (D:8)
  12 kobolds
  5 rats
  A foxfire (D:7)
188 creatures vanquished.

Vanquished Creatures (collateral kills)
  6 foxfires (D:5)
6 creatures vanquished.

Vanquished Creatures (others)
  718 foxfires
  35 plants
753 creatures vanquished.

Grand Total: 947 creatures vanquished

Notes
Turn   | Place    | Note
-------+----------+-------------------------------------------
     0 | D:1      | jasper the Human Wanderer began the quest for the Orb.
     0 | D:1      | jasper set off with the following items: a +0 club, a +0
                  | robe; and the following spells available to memorise:
                  | Foxfire, Freeze, Magic Dart, Blink, Call Imp, Slow, Conjure
                  | Flame, Frozen Ramparts, Mephitic Cloud
     0 | D:1      | Reached XP level 1. HP: 16/16 MP: 2/2
     2 | D:1      | Learned a level 1 spell: Foxfire
   321 | D:1      | Reached XP level 2. HP: 22/22 MP: 1/3
   377 | D:1      | Reached skill level 1 in Conjurations
  1168 | D:2      | Reached XP level 3. HP: 27/27 MP: 3/5
  2013 | D:2      | Noticed an earth elemental
  2015 | D:2      | Found a stormy altar of Qazlal.
  2015 | D:2      | Noticed Natasha
  2016 | D:2      | Noticed a fire elemental
  2016 | D:2      | Noticed a water elemental
  2016 | D:2      | Noticed an air elemental
  2030 | D:2      | HP: 1/40 [Natasha/magic dart (9)]
  2031 | D:2      | Killed Natasha
  2032 | D:2      | Reached XP level 4. HP: 1/33 MP: 4/6
  2342 | D:2      | Noticed Natasha
  2351 | D:2      | Killed Natasha
  2525 | D:2      | Noticed Natasha
  2540 | D:2      | Killed Natasha
  2541 | D:2      | Reached XP level 5. HP: 38/38 MP: 4/7
  2662 | D:2      | Noticed Jessica
  2667 | D:2      | Killed Jessica
  2697 | D:2      | Learned a level 2 spell: Blink
  3808 | D:4      | Reached XP level 6. HP: 28/44 MP: 2/9
  3919 | D:3      | Learned a level 3 spell: Conjure Flame
  4149 | D:4      | Noticed Grinder
  4169 | D:5      | Entered Level 5 of the Dungeon
  4169 | D:5      | Noticed an ice beast
  4175 | D:5      | Killed an ice beast
  4264 | D:5      | Learned a level 3 spell: Mephitic Cloud
  4313 | D:5      | Reached XP level 7. HP: 39/50 MP: 7/11
  4575 | D:5      | Reached skill level 5 in Fire Magic
  4641 | D:5      | Learned a level 2 spell: Slow
  5215 | D:5      | Found a glowing golden altar of the Shining One.
  5283 | D:5      | Reached skill level 5 in Conjurations
  5434 | D:5      | Reached XP level 8. HP: 56/56 MP: 10/12
  5658 | D:5      | Reached skill level 1 in Translocations
  7310 | D:4      | Found a shimmering altar of Xom.
  7674 | D:4      | Found a staircase to the Ecumenical Temple.
  7688 | Temple   | Entered the Ecumenical Temple
  7805 | Temple   | Became a worshipper of Ashenzari the Shackled
  8524 | D:7      | Reached XP level 9. HP: 33/61 MP: 9/13
  9530 | D:7      | Reached skill level 1 in Hexes
  9530 | D:7      | Reached skill level 1 in Air Magic
  9536 | D:7      | Reached skill level 1 in Poison Magic
  9795 | D:7      | Found a burning altar of Makhleb.
  9795 | D:7      | Noticed Prince Ribbit
  9819 | D:7      | Killed Prince Ribbit
 10121 | D:7      | Found Quokikuj's Distillery.
 10127 | D:7      | Bought a potion of resistance for 130 gold pieces
 10127 | D:7      | Bought a potion of ambrosia for 104 gold pieces
 10508 | D:8      | Noticed a two-headed ogre
 11191 | D:6      | Noticed Blork the orc
 11201 | D:6      | Killed Blork the orc
 11741 | D:8      | Reached XP level 10. HP: 25/73 MP: 4/14
 11754 | D:8      | Reached skill level 5 in Fighting
 12268 | D:8      | Noticed a two-headed ogre
 13232 | D:8      | Identified the Catalogue of Creation and the Rocks
 13570 | D:9      | Found a sacrificial altar of Ru.
 13585 | D:8      | Reached * piety under Ashenzari
 13627 | D:8      | Reached skill level 1 in Staves
 13629 | D:8      | Reached skill level 1 in Evocations
 14394 | D:9      | Found a snail-covered altar of Cheibriados.
 14395 | D:9      | Found an opulent altar of Gozag.
 14531 | D:9      | Found a sparkling altar of Nemelex Xobeh.
 14988 | D:10     | Entered Level 10 of the Dungeon
 15169 | D:10     | Noticed a tengu warrior
 15296 | D:10     | Found a staircase to the Orcish Mines.
 16506 | D:9      | Slain by a two-headed ogre

Illustrated notes

Levels and vault maps discovered:
D:1:      heliophobic_arrival_battle_scene, layout_rooms,
          chequers_serial_rivers_room_b
D:2:      layout_basic, nicolae_qazlal_style_of_elements, uniq_natasha,
          uniq_jessica
D:3:      layout_rooms
D:4:      layout_basic, lemuel_doored_altar, minmay_temple_entry_statues,
          uniq_grinder
D:5:      layout_loops_ring, kennysheep_little_box, serial_bayou,
          serial_bayou_lake_a, serial_bayou_shore_a, serial_bayou_ford_a,
          serial_bayou_pond_e, amcnicky_mini_rare_corridor_liquid
D:6:      layout_loops_corners, minmay_lizard_king, uniq_blork_the_orc
D:7:      layout_loops_cross, makhleb_heckhound_becter, serial_shops,
          shop_statue, uniq_prince_ribbit1
D:8:      layout_rooms, minmay_checkerbox
D:9:      layout_rooms, nemelex_xobeh_ov_fountains_minmay,
          nicolae_ru_awakened_eye, gammafunk_temple_overflow_statue
D:10:     wad_cavern_with_rooms, layout_long_grid, lair_entry_dummy
Temple:   regret_index_temple_waves

Skill      XL: |  1  2  3  4  5  6  7  8  9 10 |
---------------+-------------------------------+-----
Conjurations   | 1 2 3 4 5 6 7 |  7.0
Fire Magic     | 3 4 5 6 7 |  7.0
Spellcasting   | 2 3 |  3.0
Translocations | 2 3 |  3.0
Hexes          | 2 3 |  3.0
Air Magic      | 2 3 |  3.0
Poison Magic   | 2 3 |  3.0
Fighting       | 4 7 |  7.6
Staves         | 3 |  3.5
Evocations     | 3 |  3.4
Crossbows      | |  1.0
Throwing       | |  1.0
Armour         | |  2.0
Shields        | |  1.0

Action                   |  1- 3 |  4- 6 |  7- 9 | 10-12 || total
-------------------------+-------+-------+-------+-------++-------
Melee: Dagger            |    36 |    59 |   144 |       ||   239
       Club              |     3 |       |       |       ||     3
       Flail             |       |       |    12 |     2 ||    14
       Staff             |       |       |       |    26 ||    26
 Fire: Shortbow          |       |       |     1 |       ||     1
 Cast: Foxfire           |    38 |    42 |   195 |   162 ||   437
       Conjure Flame     |       |       |     5 |       ||     5
       Mephitic Cloud    |       |       |     5 |     9 ||    14
       Slow              |       |       |     1 |       ||     1
       Blink             |       |       |       |     3 ||     3
Invok: Curse Item        |       |       |       |     2 ||     2
Evoke: Wand              |       |       |     2 |     2 ||     4
  Use: Potion            |     5 |       |     1 |     1 ||     7
       Scroll            |       |     4 |     3 |     3 ||    10
 Stab: Sleeping          |       |       |     1 |       ||     1
Armor: Robe              |     8 |    15 |    45 |    18 ||    86
       Skin              |     4 |       |       |       ||     4
Dodge: Dodged            |    35 |    41 |   129 |    62 ||   267

Table legend: (Time is in decaauts)
 A = Elapsed time spent in this place.
 B = Non-inter-level travel time spent in this place.
 C = Inter-level travel time spent in this place.
 D = Time resting spent in this place.
 E = Time spent auto-exploring this place.
 F = Levels seen in this place.
 G = Mean time per level.
                   A        B        C        D        E       F      G
               +--------+--------+--------+--------+--------+-----+--------+
         Total |  16586 |  15975 |    611 |   6395 |   7199 |  11 | 1507.8 |
       Dungeon |  16447 |  15856 |    591 |   6395 |   7104 |  10 | 1644.7 |
        Temple |    138 |    118 |     20 |      0 |     95 |   1 |  138.0 |
               +--------+--------+--------+--------+--------+-----+--------+

Top non-repeatable levels by time:
     D:6: 2683 daAuts
     D:7: 2281 daAuts
     D:5: 2190 daAuts
     D:9: 2127 daAuts
     D:8: 2015 daAuts
     D:2: 1963 daAuts
     D:1: 1105 daAuts
     D:3: 923 daAuts
     D:4: 667 daAuts
    D:10: 489 daAuts
  Temple: 138 daAuts
